 Dungeon Crawl Stone Soup version 0.30.1-9-gdf580d7c3d (webtiles) character file.

Game seed: 5731941011800557384

12458353 wingedge the Slayer (level 27, 271/271 HPs)
             Began as a Demigod Earth Elementalist on Sept 24, 2023.
             Escaped with the Orb
             ... and 15 runes on Sept 26, 2023!
             The game lasted 08:42:06 (129383 turns).

wingedge the Slayer (Demigod Earth Elementalist)  Turns: 129383, Time: 08:42:06

Health: 271/271    AC: 15    Str: 20    XL:     27
Magic:  50/50      EV: 28    Int: 63    God:
Gold:   13322      SH: 15    Dex: 18    Spells: 3/61 levels left

rFire   + + +        e - staff of earth "Vaobbu" {Will+ Str+3 Int+2}
rCold   . . .        L - +0 kite shield {reflect}
rNeg    + + .        v - +1 robe of Demons {rN+ rCorr SInv Archmagi}
rPois   +            l - +2 helmet {Int+3}
rElec   +            U - +2 cloak {rPois}
rCorr   +            h - +0 pair of gloves of Beauty {rElec Dex+2}
SInv    +            q - +0 pair of boots "Acutz" {rN+ Regen+ Int+2}
Will    +++..        X - amulet of Kikubaaqudgha, Cursing {RegenMP Drain rF+++ Int+7}
Stlth   +            z - ring of the Mage {Wiz Archmagi}
HPRegen 2.25/turn    i - ring of the Frog {EV+5 Str+4 Dex+4}
MPRegen 0.72/turn

%: reflection, wizardry (x1), archmagi
@: studying 3 skills
A: high MP 1, forlorn, divine attributes, clumsy 1, deterioration 1, sense
surroundings 1, regeneration 1
0: Orb of Zot
}: 15/15 runes: decaying, slimy, silver, golden, iron, obsidian, icy, bone,
abyssal, demonic, glowing, magical, fiery, dark, gossamer
a: no special abilities


You escaped.
You visited 17 branches of the dungeon, and saw 86 of its levels.
You visited Pandemonium 1 time, and saw 20 of its levels.
You visited the Abyss 1 time.
You also visited: Gauntlet and Wizlab.

You collected 16890 gold pieces.
You spent 3568 gold pieces at shops.

Inventory:

Hand Weapons
 b - a +9 spectral double sword
 c - a +6 double sword of electrocution
 F - the +1 short sword of Feral Guile {heavy, *Rage Fly Dex-3 Stlth+}
   (You found it on level 1 of the Depths)

   Dex:       It affects your dexterity (-3).
   Fly:       It grants you flight.
   *Rage:     It berserks you when you make melee attacks (+20% chance).
   Stlth:     It makes you more stealthy.
Armour
 d - the +2 pair of boots of Whack-A-Mole {rPois rCorr Str+3}
   (You found it on level 6 of the Dungeon)

   Str:       It affects your strength (+3).
   rPois:     It protects you from poison.
   rCorr:     It protects you from acid and corrosion.
 h - the +0 pair of gloves of Beauty (worn) {rElec Dex+2}
   (You found it on level 3 of the Lair of Beasts)

   Dex:       It affects your dexterity (+2).
   rElec:     It insulates you from electricity.
 l - a +2 helmet of intelligence (worn)
 q - the +0 pair of boots "Acutz" (worn) {rN+ Regen+ Int+2}
   (You found it on level 3 of the Crypt)

   Int:       It affects your intelligence (+2).
   rN:        It protects you from negative energy.
   Regen:     It increases your rate of health regeneration.
 v - the +1 robe of Demons (worn) {rN+ rCorr SInv Archmagi}
   (You found it on level 1 of the Swamp)

   rN:        It protects you from negative energy.
   SInv:      It lets you see invisible.
   rCorr:     It protects you from acid and corrosion.
   Archmagi:  It increases the power of your magical spells.
 x - a +2 helmet of see invisible
 C - a +3 kite shield of fire resistance
 G - the +0 robe "Yrum" {Int+4 Archmagi}
   (You found it on level 5 of the Pits of Slime)

   Int:       It affects your intelligence (+4).
   Archmagi:  It increases the power of your magical spells.
 L - a +0 kite shield of reflection (worn)
 P - a +2 pair of gloves of strength
 U - a +2 cloak of poison resistance (worn)
 Y - a scarf of repulsion
Magical Staves
 a - the staff of cold "Susojel" {rElec rC+ Int+3 Dex+2}
   (You found it on level 3 of the Elven Halls)

   [staff of cold]

   Base accuracy: +5 Base damage: 5 Base attack delay: 1.2 This weapon's minimum
   attack delay (0.6) is reached at skill level 12.
   Int:       It affects your intelligence (+3).
   Dex:       It affects your dexterity (+2).
   rC:        It protects you from cold.
   rElec:     It insulates you from electricity.
   It falls into the 'Staves' category.
   It is a one-handed weapon.
 e - the staff of earth "Vaobbu" (weapon) {Will+ Str+3 Int+2}
   (You found it on level 5 of the Pits of Slime)

   [staff of earth]

   Base accuracy: +5 Base damage: 5 Base attack delay: 1.2 This weapon's minimum
   attack delay (0.6) is reached at skill level 12.
   Str:       It affects your strength (+3).
   Int:       It affects your intelligence (+2).
   Will:      It increases your willpower.
   It falls into the 'Staves' category.
   It is a one-handed weapon.
 y - the staff of fire "Koistieja" {rF+ Will+ rCorr}
   (You found it on level 3 of the Crypt)

   [staff of fire]

   Base accuracy: +5 Base damage: 5 Base attack delay: 1.2 This weapon's minimum
   attack delay (0.6) is reached at skill level 12.
   rF:        It protects you from fire.
   rCorr:     It protects you from acid and corrosion.
   Will:      It increases your willpower.
   It falls into the 'Staves' category.
   It is a one-handed weapon.
Jewellery
 f - a ring of flight
 g - the amulet of the Air {Inacc Air Fly rElec RMsl}
   (You took it off a deep elf master archer on level 3 of the Elven Halls)

   [amulet of nothing]

   Inacc:     It reduces the accuracy of your attacks and spells.
   Air:       It enhances your air magic.
   rElec:     It insulates you from electricity.
   Fly:       It grants you flight.
   RMsl:      It protects you from missiles.
 i - the ring of the Frog (right hand) {EV+5 Str+4 Dex+4}
   (You found it on level 7 of Tartarus)

   [ring of evasion]

   EV:        It affects your evasion (+5).
   Str:       It affects your strength (+4).
   Dex:       It affects your dexterity (+4).
 s - the ring "Ufoil" {Str+3 SInv}
   (You took it off a vault guard on level 5 of the Vaults)

   [ring of see invisible]

   Str:       It affects your strength (+3).
   SInv:      It lets you see invisible.
 w - a ring of willpower
 z - the ring of the Mage (left hand) {Wiz Archmagi}
   (You found it on level 3 of the Tomb of the Ancients)

   [ring of wizardry]

   It improves your spell success rate.
   Archmagi:  It increases the power of your magical spells.
 A - a +6 ring of intelligence
 H - the ring "Behivoro" {Contam rN+ Will+ rCorr Stlth+}
   (You found it on level 3 of the Tomb of the Ancients)

   [ring of resist corrosion]

   rN:        It protects you from negative energy.
   Contam:    It causes magical contamination when unequipped.
   rCorr:     It protects you from acid and corrosion.
   Will:      It increases your willpower.
   Stlth:     It makes you more stealthy.
 K - a ring of protection from cold
 N - the ring of Wonder {rF+ AC+4}
   (You found it in Pandemonium)

   [ring of protection]

   AC:        It affects your AC (+4).
   rF:        It protects you from fire.
 X - the amulet of Kikubaaqudgha, Cursing (around neck) {RegenMP Drain rF+++ Int+7}
   (You found it in Pandemonium)

   [amulet of magic regeneration]

   It increases your rate of magic regeneration.
   Int:       It affects your intelligence (+7).
   rF:        It renders you almost immune to fire.
   Drain:     It drains your maximum health when unequipped.
Wands
 I - a wand of digging (21)
Scrolls
 k - 13 scrolls of immolation
 n - a scroll of blinking
 p - 3 scrolls of amnesia
 t - 26 scrolls of teleportation
 u - 6 scrolls of fog
 B - 10 scrolls of fear
 E - 11 scrolls of magic mapping
 T - 13 scrolls of poison
 V - a scroll of summoning
Potions
 j - 4 potions of cancellation
 m - 6 potions of resistance
 o - 16 potions of curing
 r - 12 potions of might
 D - 6 potions of berserk rage
 J - 4 potions of brilliance
 O - 5 potions of invisibility
 Q - 9 potions of flight
 R - 14 potions of mutation
 S - 2 potions of haste
 W - a potion of heal wounds
Miscellaneous
 M - a figurine of a ziggurat


   Skills:
 + Level 26.8 Fighting
 - Level 16.0 Long Blades
 - Level 18.0 Armour
 - Level 18.0 Dodging
 - Level 5.0 Stealth
 - Level 18.0 Shields
 - Level 17.5 Spellcasting
 - Level 16.0 Conjurations
 - Level 23.0 Necromancy
 - Level 8.0 Translocations
 - Level 16.0 Transmutations
 - Level 3.2 Fire Magic
 - Level 24.0 Ice Magic
 - Level 4.0 Air Magic
 - Level 17.0 Earth Magic


You had 3 spell levels left.
You knew the following spells:

 Your Spells              Type           Power      Damage    Failure   Level
a - Polar Vortex          Ice            100%       N/A       1%          9
b - Borgnjor's Vile Clut  Necr/Erth      100%       N/A       0%          5
c - Irradiate             Conj/Tmut      91%        3d42      0%          5
d - Necromutation         Tmut/Necr      96%        N/A       1%          8
e - Death's Door          Necr           100%       N/A       1%          9
f - Ozocubu's Armour      Ice            100%       N/A       0%          3
g - Ozocubu's Refrigerat  Ice            100%       4d29      0%          7
h - Lehudib's Crystal Sp  Conj/Erth      100%       10d22     1%          8
i - Sublimation of Blood  Necr           100%       N/A       0%          2
z - Blink                 Tloc           100%       N/A       0%          2

Your spell library contained the following spells:

 Spells                   Type           Power      Damage    Failure   Level
 Apportation              Tloc           100%       N/A       0%          1
 Beastly Appendage        Tmut           100%       N/A       0%          1
 Foxfire                  Conj/Fire      100%       2x1d9     0%          1
 Freeze                   Ice            100%       1d10      0%          1
 Kiss of Death            Conj/Necr      100%       2d13      0%          1
 Magic Dart               Conj           100%       1d8       0%          1
 Necrotise                Necr           100%       1d9       0%          1
 Sandblast                Erth           100%       2d20      0%          1
 Shock                    Conj/Air       100%       1d9       0%          1
 Cigotuvi's Dreadful Rot  Necr/Pois/Air  100%       N/A       0%          2
 Ensorcelled Hibernation  Hex/Ice        100%       N/A       0%          2
 Lesser Beckoning         Tloc           100%       N/A       0%          2
 Momentum Strike          Conj/Tloc      100%       3d10      0%          2
 Passwall                 Tmut/Erth      100%       N/A       0%          2
 Searing Ray              Conj           100%       2d8       0%          2
 Static Discharge         Conj/Air       100%       2-7/arc   0%          2
 Wereblood                Tmut           100%       N/A       0%          2
 Hailstorm                Conj/Ice       100%       3d20      0%          3
 Stone Arrow              Conj/Erth      100%       3d13      0%          3
 Vampiric Draining        Necr           100%       2d13      0%          3
 Summon Small Mammal      Summ           100%       N/A       1%          1
 Call Imp                 Summ           100%       N/A       1%          2
 Scorch                   Fire           100%       2d9       1%          2
 Call Canine Familiar     Summ           89%        N/A       1%          3
 Confusing Touch          Hex            89%        N/A       1%          3
 Dazzling Flash           Conj/Hex       100%       N/A       1%          3
 Gell's Gravitas          Tloc           100%       N/A       1%          3
 Ignite Poison            Fire/Tmut/Pois 100%       N/A       1%          3
 Inner Flame              Hex/Fire       100%       N/A       1%          3
 Mephitic Cloud           Conj/Pois/Air  100%       N/A       1%          3
 Portal Projectile        Hex/Tloc       100%       N/A       1%          3
 Spider Form              Tmut/Pois      100%       N/A       1%          3
 Summon Guardian Golem    Hex/Summ       89%        N/A       1%          3
 Swiftness                Air            100%       N/A       1%          3
 Teleport Other           Tloc           100%       N/A       1%          3
 Tukima's Dance           Hex            89%        N/A       1%          3
 Vhi's Electric Charge    Tloc/Air       100%       N/A       1%          3
 Volatile Blastmotes      Fire/Tloc      100%       2d18      1%          3
 Anguish                  Hex/Necr       83%        N/A       0%          4
 Animate Dead             Necr           100%       N/A       0%          4
 Dispel Undead            Necr           100%       3d31      0%          4
 Iskenderun's Mystic Bla  Conj/Tloc      100%       2d19      0%          4
 Petrify                  Tmut/Erth      100%       N/A       0%          4
 Summon Ice Beast         Ice/Summ       100%       N/A       0%          4
 Agony                    Necr           100%       N/A       0%          5
 Blade Hands              Tmut           91%        N/A       0%          5
 Freezing Cloud           Conj/Ice/Air   89%        6-21      0%          5
 Iskenderun's Battlesphe  Conj           100%       2d15      0%          5
 Lee's Rapid Deconstruct  Erth           100%       3d44*     0%          5
 Death Channel            Necr           100%       N/A       0%          6
 Simulacrum               Ice/Necr       100%       N/A       0%          6
 Airstrike                Air            63%        2d(9-25)  1%          4
 Animate Armour           Summ/Erth      100%       N/A       1%          4
 Cause Fear               Hex            44%        N/A       1%          4
 Flame Wave               Conj/Fire      100%       2d21      1%          4
 Fulminant Prism          Conj/Hex       75%        3d31      1%          4
 Manifold Assault         Tloc           100%       N/A       1%          4
 Olgreb's Toxic Radiance  Pois           89%        N/A       1%          4
 Passage of Golubria      Tloc           100%       N/A       1%          4
 Sticky Flame             Conj/Fire      100%       2d11      1%          4
 Alistair's Intoxication  Tmut/Pois      100%       N/A       1%          5
 Arcjolt                  Conj/Air       79%        1d89      1%          5
 Fireball                 Conj/Fire      78%        3d29      1%          5
 Metabolic Englaciation   Hex/Ice        84%        N/A       1%          5
 Silence                  Hex/Air        55%        N/A       1%          5
 Dispersal                Tloc           75%        N/A       1%          6
 Eringya's Noxious Bog    Tmut/Pois      75%        N/A       1%          6
 Iron Shot                Conj/Erth      100%       9d18      1%          6
 Starburst                Conj/Fire      78%        6d20      1%          6
 Statue Form              Tmut/Erth      100%       N/A       1%          6
 Dragon Form              Tmut           91%        N/A       1%          7
 Haunt                    Necr/Summ      83%        N/A       1%          7
 Storm Form               Tmut/Air       79%        N/A       1%          7
 Borgnjor's Revivificati  Necr           100%       N/A       1%          8
 Infestation              Necr           100%       N/A       1%          8
 Summon Mana Viper        Hex/Summ       89%        N/A       2%          5
 Plasma Beam              Fire/Air       61%        2x1d84    3%          6
 Summon Cactus Giant      Summ           44%        N/A       16%         6
 Malign Gateway           Summ/Tloc      63%        N/A       16%         7
 Disjunction              Tloc           75%        N/A       24%         8
 Enfeeble                 Hex            44%        N/A       58%         7
 Monstrous Menagerie      Summ           44%        N/A       58%         7
 Summon Hydra             Summ           44%        N/A       58%         7
 Maxwell's Capacitive Co  Air            63%        ∞         73%         8
 Ignition                 Fire           60%        3d16      82%         8
 Chain Lightning          Conj/Air       79%        3d106     82%         9
 Discord                  Hex            44%        N/A       99%         8
 Summon Horrible Things   Summ           44%        N/A       99%         8


Dungeon Overview and Level Annotations

Branches:
Dungeon (15/15)            Temple (0/1) D:5            Lair (5/5) D:11
  Swamp (4/4) Lair:2       Spider (4/4) Lair:3        Slime (5/5) Lair:4
    Orc (2/2) D:11            Elf (3/3) Orc:2        Vaults (5/5) D:14
  Crypt (3/3) Vaults:2       Tomb (3/3) Crypt:3      Depths (4/4) D:15
   Hell (visited)             Dis (7/7) Hell            Geh (7/7) Hell
    Coc (7/7) Hell            Tar (7/7) Hell            Zot (5/5) Depths:4
 WizLab (visited)         Gauntlet (visited)

Shops:
D:2 ?   D:4 *   D:5 (!*(   Orc:2 :[*[[   Elf:3 *   Vaults:1 :   Vaults:3 [
Depths:3 *

Portals:
Hell: Depths:1 Depths:2 Depths:3 Depths:4
Abyss: Lair:5 Depths:2 Depths:3
Pandemonium: Depths:2
Ziggurat: Depths:2


Innate Abilities, Weirdness & Mutations

You have an increased reservoir of magic. (+10% MP)
You shall have no god before yourself.
Your divine heritage dramatically boosts your attributes as you level up.
You are clumsy. (Dex -2)
Your body sometimes deteriorates upon taking damage.
You passively map a small area around you.
Your natural rate of healing is unusually fast.


Message History

Confirm with . or Enter, or press ? or * to list all spells.
You feel a strong surge of power!
The heat is drained from your surroundings.
You kill the chaos spawn!
The chaos spawn degenerates into a cloud of primal chaos!
A ynoxinul comes into view.
Casting: Ozocubu's Refrigeration (safe; 0% risk of failure)
Confirm with . or Enter, or press ? or * to list all spells.
You feel a strong surge of power!
The heat is drained from your surroundings.
The ynoxinul resists.
You kill the ynoxinul!
There is an open door here.
There is a stone staircase leading up here.
Magic restored.
You climb upwards.
There is a stone staircase leading down here.
An Executioner comes into view.
Casting: Ozocubu's Refrigeration (safe; 0% risk of failure)
Confirm with . or Enter, or press ? or * to list all spells.
Aiming: Lehudib's Crystal Spear (mildly dangerous; 1% risk of failure)
Press: ? - help, Shift-Dir - straight line, f - Executioner
Aim: an Executioner (79% to hit)
You feel a huge surge of power!
The crystal spear hits the Executioner!!!!
You kill the Executioner!
Magic restored.
There is a stone staircase leading up here.
You can't go down here!
You climb upwards.
There is a stone staircase leading down here.
There is a stone staircase leading up here.
You climb upwards.
There is a stone staircase leading down here.
A reaper comes into view. It is wielding a +2 scythe of venom.
The reaper moves out of view.
Your transformation is almost over.
You feel yourself come back to life.
There is a staircase leading out of the dungeon here.
You have escaped!

#.##.##.## #.# #...##
#.##.##..###.# #.##.#
#.##.##...##.# #.###.
##.##.........# ###.# #>
###...####...#### #...# #.
....#...###.#### ##### #.#.# #.
###...#........# #...# #2#.# #.
##.######.####♣###.#####.#.###.
#.# ##.## ♣@♣##.............
#.# ##...# ♣..♣######..###.#.
#.# ##.#.####..♣######..# #.#.
# #.###.##...#♣.♣##...##..#
#.## #
#^##.###..#..♣.♣.##.##..# #.#.
#
#.###.########♣.##......###.#.
# ##.####..### ########.###..#.
###...###....# #.##...##
##.....#.....#### #.##...#.


There were no monsters in sight!

Vanquished Creatures
  Cerebov (Pan)
  Antaeus (Coc:7)
  Asmodeus (Geh:7)
  the Royal Jelly (Slime:5)
  Gloorx Vloq (Pan)
  Ereshkigal (Tar:7)
  Ignacio (Pan)
  the Serpent of Hell (Geh:7)
  Mnoleg (Pan)
  Lom Lobon (Pan)
  4 dread liches
  Dispater (Dis:7)
  Khufu (Tomb:2)
  3 ancient liches
  3 orbs of fire
  A juggernaut (Depths:3)
  Mennas (Crypt:3)
  33 royal mummies
  Frederick (Vaults:2)
  20 shard shrikes
  2 Killer Klowns (Zot:5)
  Saint Roka (Orc:2)
  50 caustic shrikes
  The ghost of Sulo Conyim the Unseen, a veteran GnDe of Gozag (Depths:1)
  Geryon (Hell)
  7 golden dragons
  17 profane servitors
  The ghost of Pikuto the Slayer, an adept MiBe of Trog (Depths:1)
  15 bone dragons
  11 iron giants
  8 doom hounds
  19 Tzitzimimeh
  19 Brimstone Fiends
  12 hellephants
  4 electric golems
  29 Hell Sentinels
  16 Ice Fiends
  A spectral shard shrike (Tar:6)
  Jorgrun (Spider:1)
  6 liches
  9 tainted leviathans
  The ghost of Kerot the Severer, an adept NaFi of Cheibriados (Depths:1)
  Zenata (Crypt:3)
  Rupert (D:15)
  21 Orb Guardians
  18 tentacled monstrosities
  Mlioglotl (Swamp:3)
  2 walking divine tomes (Depths:3)
  9 quicksilver dragons
  12 searing wretches
  3 deep elf blademasters
  16 titans
  5 deep elf master archers (Elf:3)
  24 Executioners
  18 acid blobs
  Murray (Hell)
  38 ancient champions
  An eldritch tentacle (Pan)
  11 pandemonium lords
  6 death cobs
  A tentacled starspawn (Abyss:3)
  14 storm dragons
  Kirke (D:14)
  12 shadow dragons
  11 sphinxes
  8 tengu reavers
  5 thorn hunters
  13 azure jellies
  Donald (Orc:2)
  Roxanne (D:15)
  8 draconian knights
  8 draconian monks
  7 revenants
  26 narguns
  12 rockslimes
  4 fenstrider witches (Swamp:4)
  25 fire giants
  41 balrugs
  22 frost giants
  8 demonspawn warmongers (Pan)
  5 ghost moths
  11 draconian scorchers
  7 iron dragons
  4 draconian shifters
  Louise (D:14)
  4 curse skulls
  6 deep elf sorcerers
  12 vault wardens
  2 emperor scorpions
  4 spectral caustic shrikes
  2 spectral juggernauts
  14 quicksilver elementals
  A juggernaut zombie (Crypt:1)
  9 demonspawn corrupters (Pan)
  20 reapers
  A deep elf elementalist (Elf:3)
  2 caustic shrike skeletons
  3 draconian stormcallers
  5 broodmothers (Spider:4)
  9 shard shrike simulacra
  16 cacodemons
  7 draconian annihilators
  17 ironbound preservers
  30 war gargoyles
  A spriggan defender (Depths:2)
  19 ghouls
  5 orc warlords
  17 quicksilver oozes
  22 very ugly things
  9 demonspawn blood saints (Pan)
  7 ironbound thunderhulks
  An ophan (Abyss:3)
  21 stone giants
  4 deep elf demonologists
  5 eleionomae
  5 green draconians
  8 deep elf annihilators
  20 elemental wellsprings
  11 vampire knights
  7 lorocyprocas (Pan)
  11 dire elephants
  15 black draconians
  19 wendigos
  The ghost of Kurtz the Severer, a journeyman TeFi of Okawaru (Orc:2)
  5 halazid warlocks (WizLab)
  16 demonspawn black suns
  9 yellow draconians
  18 red draconians
  7 white draconians
  28 putrid mouths
  13 bennus (Tomb:3)
  7 bunyips
  9 purple draconians
  A minotaur (Gauntlet)
  36 iron golems
  10 spark wasps
  14 eidola
  A spectral quicksilver dragon (Tar:4)
  8 deep elf death magi
  5 deep elf high priests
  6 fire dragons
  12 blizzard demons
  6 green deaths
  24 mummy priests
  A quicksilver dragon zombie (Crypt:3)
  Josephine (D:15)
  12 ettins
  2 merfolk javelineers (Abyss:3)
  11 jiangshi
  9 yaktaur captains
  A kraken zombie (Hell)
  10 ice dragons
  Fannar (Lair:2)
  A spectral fenstrider witch (Tar:1)
  9 entropy weavers
  14 great orbs of eyes
  2 shambling mangroves
  13 salamander tyrants
  A peacekeeper (Vaults:3)
  8 caustic shrike simulacra
  5 ogre magi
  3 rakshasas
  33 vault guards
  5 spriggan air magi
  A ghost crab (Swamp:2)
  A jorogumo (shapeshifter) (Vaults:5)
  Erica (D:8)
  3 jorogumos
  12 centaur warriors
  6 juggernaut simulacra
  11 hydras
  6 hell beasts
  A spriggan skeleton (Crypt:3)
  6 death knights
  10 ironbound frosthearts
  6 boulder beetles
  26 dancing weapons
  11 stokers
  14 alligators
  5 two-headed ogres
  8 deep troll shamans
  4 radroaches
  6 deep troll earth magi
  48 hell hogs
  92 death scarabs
  10 spriggan berserkers
  3 orc high priests
  22 tengu warriors
  15 deep elf knights
  10 vampire magi
  3 spectral dire elephants
  5 thrashing horrors
  Sonja (Lair:2)
  Amaemon (Lair:2)
  8 hell knights
  2 shock serpents (Zot:1)
  33 soul eaters
  66 sun demons
  A fire crab (Lair:5)
  35 skeletal warriors
  8 pharaoh ants
  12 crystal echidnas
  42 shadow wraiths
  2 skysharks
  A spark wasp zombie (WizLab)
  A wretched star (Abyss:3)
  22 sixfirhies
  13 iron trolls
  5 goliath frogs
  5 flayed ghosts
  A spectral spark wasp (WizLab)
  2 anaconda zombies
  A cherub (Pan)
  7 glowing orange brains
  3 sun moths
  4 quicksilver dragon simulacra
  9 orb spiders
  8 swamp dragons
  A death drake (shapeshifter) (Vaults:5)
  A spectral anaconda (Tar:4)
  54 deep trolls
  8 spriggan druids
  11 shadow demons
  10 deep elf archers
  12 wizards
  An obsidian statue (D:13)
  3 spriggan simulacra
  5 steelbarb worms
  19 ironbound convokers
  12 lindwurms
  13 phantasmal warriors
  11 bog bodies
  4 harpies
  A fenstrider witch simulacrum (Coc:2)
  13 wolf spiders
  A spectral wolf spider (WizLab)
  A goliath frog zombie (Crypt:3)
  A wolf spider (shapeshifter) (Depths:2)
  3 starcursed masses (Abyss:3)
  31 deep elf zephyrmancers
  A cyclops (shapeshifter) (Vaults:3)
  11 orc knights
  25 deep elf pyromancers
  3 will-o-the-wisps
  An oklob plant (Lair:3)
  11 orc sorcerers
  7 necromancers
  34 ugly things
  5 shining eyes
  4 spectral spriggans
  A jorogumo skeleton (Crypt:3)
  A shining eye (shapeshifter) (Depths:4)
  8 cyclopes
  11 elephants
  14 moths of wrath
  2 manticores
  A worldbinder (Abyss:3)
  An eleionoma skeleton (Crypt:1)
  16 vault sentinels
  4 ice statues
  3 black mambas
  6 titan simulacra
  An apocalypse crab (Abyss:3)
  2 eyes of devastation
  Joseph (D:8)
  11 demonic crawlers
  8 rust devils
  A gargoyle (D:13)
  32 smoke demons
  12 molten gargoyles
  11 cane toads
  6 torpor snails
  2 dire elephant skeletons
  A pale draconian zombie (Crypt:2)
  26 orange demons
  A sea snake zombie (Hell)
  A human zombie (Vaults:4)
  19 freezing wraiths
  5 unseen horrors
  26 hellions
  Maggie (D:8)
  16 yaktaurs
  A bunyip simulacrum (Coc:2)
  A kobold demonologist (D:10)
  A rime drake (Lair:5)
  20 tormentors
  A centaur skeleton (Crypt:3)
  A spectral naga (Tar:3)
  14 tengu conjurers
  3 ice devils
  A catoblepas skeleton (Tomb:1)
  13 komodo dragons
  3 iron giant simulacra
  8 red devils
  8 efreet (Pan)
  58 guardian mummies
  7 spectral harpies
  A pale draconian skeleton (Crypt:1)
  4 hydra zombies (Hell)
  3 ancient zymes
  2 polar bears
  2 bloated husks
  3 harpy zombies
  5 meliai
  20 tarantellas
  A merfolk (shapeshifter) (Vaults:5)
  16 hellwings
  5 trolls
  A golden dragon simulacrum (Coc:7)
  24 hornets
  Grinder (D:5)
  An iron troll skeleton (Crypt:2)
  Prince Ribbit (D:5)
  5 tyrant leeches
  24 blink frogs
  An ettin zombie (Crypt:3)
  A shadow dragon simulacrum (Coc:1)
  A dream sheep (shapeshifter) (Lair:5)
  A harpy skeleton (Pan)
  2 iron dragon simulacra
  5 raiju (Zot:1)
  6 dream sheep (Lair:4)
  90 slime creatures
  29 large abominations
  3 slime creatures (shapeshifter)
  4 stone giant simulacra
  31 jumping spiders
  A centaur simulacrum (Coc:2)
  25 flying skulls
  3 water elementals
  16 culicivoras
  25 spriggans
  35 yaks
  32 ynoxinuls
  An alligator skeleton (Hell)
  3 fire elementals
  6 wyverns
  13 wraiths
  A vampire (D:11)
  3 dire elephant simulacra
  3 naga simulacra
  A wind drake zombie (Crypt:2)
  6 ushabtiu
  23 neqoxecs
  4 hogs (D:14)
  3 alligator snapping turtle simulacra
  39 redbacks
  4 basilisks
  2 wargs
  A steam dragon (D:8)
  22 chaos spawn
  14 harpy simulacra
  6 vampire mosquitoes (Swamp:2)
  2 acid dragons
  23 swamp worms
  A glowing shapeshifter zombie (Vaults:4)
  4 water moccasins
  A merfolk zombie (Crypt:3)
  3 hell hounds (Hell)
  A hydra simulacrum (Coc:4)
  A two-headed ogre skeleton (Pan)
  2 sky beasts
  2 swamp drakes
  Pargi (D:3)
  3 ice beasts
  6 ettin simulacra
  A naga skeleton (Pan)
  A swamp dragon zombie (Hell)
  8 ogres
  27 orc warriors
  A lindwurm zombie (Crypt:3)
  2 black bears
  A blink frog zombie (Crypt:3)
  5 wolves
  11 centaurs
  2 human skeletons (Vaults:4)
  An elf zombie (Crypt:1)
  5 kobold brigands
  12 bullfrogs
  7 necrophages
  A draconian skeleton (Crypt:1)
  2 earth elementals (Elf:2)
  5 scorpions
  14 small abominations
  4 wights
  10 killer bees
  2 howler monkeys
  5 electric eels
  8 crimson imps (Pan)
  A quasit (Abyss:3)
  A bullfrog zombie (Crypt:1)
  7 hounds
  6 jellies
  20 orc priests
  2 gnoll boudas
  A black bear skeleton (Crypt:1)
  An iguana (D:5)
  6 hell rats (Hell)
  31 orc wizards
  3 sleepcaps
  5 lightning spires (Zot:1)
  2 human simulacra (D:9)
  55 mummies
  9 adders
  9 gnolls
  A howler monkey skeleton (Crypt:2)
  A steam dragon zombie (Crypt:3)
  A white imp (D:8)
  2 ufetubi
  An iguana zombie (Crypt:2)
  2 worms (D:2)
  A worm (shapeshifter) (Vaults:5)
  5 dart slugs
  92 orcs
  11 endoplasms
  4 giant cockroaches
  11 hobgoblins
  2 jackals (D:4)
  A quokka (D:5)
  7 ball pythons
  3 bats
  3 frilled lizards
  A gnoll skeleton (Crypt:1)
  8 goblins
  A goblin skeleton (Crypt:1)
  21 kobolds
  An orc skeleton (Crypt:2)
  5 rats (D:1)
  3 ball lightnings (Zot:1)
  7 creeping infernos
  39 fire vortices
  A lurking horror (Abyss:3)
  3 spectral weapons
  2 tentacles (Hell)
4019 creatures vanquished.

Vanquished Creatures (others)
  An ancient champion (Tomb:3)
  A storm dragon (Zot:1)
  A draconian knight (Zot:4)
  An angel (Zot:1)
  A draconian scorcher (Zot:4)
  3 shard shrike simulacra
  A draconian stormcaller (Zot:4)
  An elemental wellspring (Coc:2)
  A bennu (Tomb:3)
  2 wendigos
  3 black draconians (Zot:1)
  2 mummy priests (Tomb:3)
  3 caustic shrike simulacra (Coc:3)
  3 death scarabs (Tomb:3)
  A deep elf knight (Elf:3)
  2 sixfirhies
  3 skeletal warriors (Tomb:3)
  2 wizards (Pan)
  A shadow dragon skeleton (Tomb:3)
  A yaktaur (Vaults:5)
  A guardian mummy (Tomb:3)
  A human skeleton (Vaults:4)
  A stone giant simulacrum (Coc:3)
  7 flying skulls
  An ushabti (Tomb:3)
  A redback (Spider:2)
  A dire elephant simulacrum (Coc:7)
  A chaos spawn (Zot:1)
  2 harpy simulacra
  A hydra simulacrum (Coc:7)
  4 ettin simulacra
  2 ball lightnings (Zot:1)
  2 foxfires (Swamp:3)
  27 spectral weapons
  2 tentacles (Hell)
88 creatures vanquished.

Grand Total: 4107 creatures vanquished

Notes
Turn   | Place    | Note
-------+----------+-------------------------------------------
     0 | D:1      | wingedge the Demigod Earth Elementalist began the quest for
                  | the Orb.
     0 | D:1      | Reached XP level 1. HP: 14/14 MP: 5/5
    27 | D:1      | Reached skill level 1 in Transmutations
   146 | D:1      | Reached XP level 2. HP: 20/20 MP: 2/7
  1061 | D:2      | Reached XP level 3. HP: 27/27 MP: 6/8
  1082 | D:2      | Learned a level 3 spell: Stone Arrow
  1285 | D:2      | Reached skill level 1 in Conjurations
  1321 | D:2      | Reached skill level 1 in Fighting
  1911 | D:2      | Found Qebruoma's Magic Scroll Shoppe.
  1919 | D:2      | Bought a scroll of teleportation for 33 gold pieces
  1919 | D:2      | Bought a scroll of identify for 22 gold pieces
  2093 | D:3      | Reached XP level 4. HP: 35/35 MP: 2/10
  2707 | D:3      | Noticed Pargi
  2764 | D:3      | Reached XP level 5. HP: 33/41 MP: 1/11
  2874 | D:3      | Reached skill level 2 in Fighting
  3473 | D:3      | Killed Pargi
  3474 | D:3      | Reached XP level 6. HP: 21/48 MP: 0/13
  4202 | D:4      | Found Efemoinki's Neck Hole.
  4831 | D:4      | Learned a level 2 spell: Blink
  5195 | D:5      | Entered Level 5 of the Dungeon
  5292 | D:5      | Reached XP level 7. HP: 55/55 MP: 15/15
  5339 | D:5      | Reached skill level 1 in Armour
  5339 | D:5      | Reached skill level 1 in Translocations
  5601 | D:5      | Found Qecijin's Antique Weapon Shop.
  5836 | D:5      | Reached skill level 3 in Fighting
  5974 | D:5      | Reached skill level 5 in Earth Magic
  6015 | D:5      | Reached XP level 8. HP: 63/63 MP: 17/17
  6060 | D:5      | Found a staircase to the Ecumenical Temple.
  6204 | D:5      | Noticed Grinder
  6342 | D:5      | Found Konkarus's Distillery.
  6345 | D:5      | Noticed Prince Ribbit
  6361 | D:5      | Killed Prince Ribbit
  6471 | D:5      | Found Povif's Assorted Antiques.
  6531 | D:5      | Bought a potion of degeneration for 10 gold pieces
  6531 | D:5      | Bought a potion of heal wounds for 50 gold pieces
  6531 | D:5      | Bought a potion of lignification for 30 gold pieces
  6531 | D:5      | Bought a potion of berserk rage for 50 gold pieces
  6552 | D:5      | Found Fuseaxis's Antique Weapon Shop.
  6826 | D:5      | Paralysed by Grinder for 2 turns
  6832 | D:5      | Killed Grinder
  6833 | D:5      | Reached skill level 4 in Fighting
  7197 | D:6      | Reached skill level 5 in Conjurations
  7351 | D:6      | Identified the +2 pair of boots of Whack-A-Mole {rPois
                  | rCorr Str+3}
  8016 | D:7      | Reached XP level 9. HP: 72/72 MP: 17/18
  8478 | D:7      | Learned a level 4 spell: Iskenderun's Mystic Blast
  9412 | D:8      | Reached skill level 1 in Long Blades
  9430 | D:8      | Reached skill level 5 in Fighting
  9712 | D:8      | Noticed Maggie
  9719 | D:8      | Killed Maggie
  9925 | D:8      | Noticed Erica
  9929 | D:8      | Killed Erica
  9930 | D:8      | Reached XP level 10. HP: 81/81 MP: 15/19
 10009 | D:8      | Reached skill level 5 in Stealth
 10108 | D:8      | Noticed Joseph
 10117 | D:8      | Killed Joseph
 10118 | D:8      | Reached skill level 1 in Shields
 10562 | D:9      | Reached skill level 5 in Armour
 10782 | D:9      | Learned a level 4 spell: Manifold Assault
 11623 | D:9      | Identified the +0 plate armour "Ehippuul" {Dex+2 Slay+5}
 12454 | D:10     | Entered Level 10 of the Dungeon
 13022 | D:10     | Noticed a two-headed ogre
 13026 | D:10     | Killed a two-headed ogre
 13201 | D:10     | Noticed a two-headed ogre
 13206 | D:10     | Killed a two-headed ogre
 13210 | D:10     | Reached skill level 5 in Translocations
 13452 | D:10     | Reached skill level 6 in Fighting
 13634 | D:11     | Noticed a two-headed ogre
 13638 | D:11     | Killed a two-headed ogre
 13639 | D:11     | Reached XP level 11. HP: 89/89 MP: 18/22
 13642 | D:11     | Noticed a two-headed ogre
 13657 | D:11     | Killed a two-headed ogre
 13658 | D:11     | Reached skill level 5 in Spellcasting
 15023 | D:11     | Found a staircase to the Lair.
 15388 | D:11     | Found a staircase to the Orcish Mines.
 15532 | Lair:1   | Entered Level 1 of the Lair of Beasts
 15648 | Lair:1   | Learned a level 4 spell: Passage of Golubria
 15994 | Lair:1   | Identified the +5 spear of the Realm of Zot {heavy, rElec}
 17016 | Lair:2   | Noticed Fannar
 17044 | Lair:2   | Killed Fannar
 17168 | Lair:2   | Noticed Amaemon
 17178 | Lair:2   | Killed Amaemon
 17210 | Lair:2   | Reached skill level 1 in Fire Magic
 17379 | Lair:2   | Noticed a skyshark
 17385 | Lair:2   | Killed a skyshark
 17386 | Lair:2   | Reached XP level 12. HP: 97/97 MP: 17/24
 17459 | Lair:2   | Learned a level 2 spell: Sublimation of Blood
 17489 | Lair:2   | Reached skill level 7 in Fighting
 17651 | Lair:2   | Reached skill level 5 in Long Blades
 17716 | Lair:2   | Noticed Sonja
 17721 | Lair:2   | Killed Sonja
 17729 | Lair:2   | Reached skill level 1 in Necromancy
 18422 | Lair:2   | Reached skill level 5 in Dodging
 18648 | Lair:2   | Found a staircase to the Swamp.
 19547 | Lair:3   | Reached skill level 5 in Shields
 19790 | Lair:3   | Found a transporter.
 19807 | Lair:3   | Found a transporter.
 19812 | Lair:3   | Noticed a five-headed hydra
 20005 | Lair:3   | Identified the +2 flail "Loacs" {antimagic, rPois Int+3
                  | Stlth+}
 20122 | Lair:3   | Found a hole to the Spider Nest.
 20318 | Lair:3   | Killed a five-headed hydra
 21552 | Lair:3   | Identified the +0 pair of gloves of Beauty {rElec Dex+2}
 21881 | Lair:4   | Reached XP level 13. HP: 107/107 MP: 20/26
 22194 | Lair:4   | Found a staircase to the Slime Pits.
 22891 | Lair:5   | Entered Level 5 of the Lair of Beasts
 22916 | Lair:4   | Reached skill level 8 in Fighting
 23858 | Lair:5   | Learned a level 5 spell: Irradiate
 23960 | Lair:5   | Reached skill level 5 in Necromancy
 25662 | Lair:5   | Found a one-way gate to the infinite horrors of the Abyss.
 25918 | Orc:1    | Entered Level 1 of the Orcish Mines
 27078 | Orc:2    | Entered Level 2 of the Orcish Mines
 27170 | Orc:1    | Reached skill level 5 in Transmutations
 27621 | Orc:2    | Noticed Donald
 27691 | Orc:2    | Noticed Saint Roka
 27911 | Orc:2    | Killed Saint Roka
 27932 | Orc:2    | Reached skill level 9 in Fighting
 28000 | Orc:2    | Reached XP level 14. HP: 78/118 MP: 6/27
 28267 | Orc:2    | Killed Donald
 28835 | Orc:2    | Found Xecas's Antique Armour Shop.
 28835 | Orc:2    | Found Poar's Armour Boutique.
 28836 | Orc:2    | Found Tintemic's General Store.
 28840 | Orc:2    | Found Puahesy's Book Shop.
 28859 | Orc:2    | Bought a scroll of blinking for 82 gold pieces
 28860 | Orc:2    | Bought Qoadd's Enchiridion on Amathomancy and Envenoming
                  | for 600 gold pieces
 28922 | Orc:2    | Found a staircase to the Elven Halls.
 29031 | Orc:2    | Found a large runed translucent door.
 29031 | Orc:2    | Found a large runed translucent door.
 29106 | Orc:2    | Found Caupsi Ligg's Armour Shoppe.
 29112 | Orc:2    | Bought a +0 helmet of see invisible for 138 gold pieces
 29236 | Orc:2    | Noticed Kurtz's ghost (journeyman TeFi)
 29381 | Orc:2    | Killed Kurtz's ghost
 29805 | D:12     | Found a gate leading to a gauntlet.
 29848 | Gauntlet | Entered a Gauntlet
 29848 | Gauntlet | Found a transporter.
 29848 | Gauntlet | Found a transporter.
 29848 | Gauntlet | Found a transporter.
 29852 | Gauntlet | Found a transporter.
 29852 | Gauntlet | Found a transporter.
 29866 | Gauntlet | Found a transporter.
 29870 | Gauntlet | Found a transporter.
 29884 | Gauntlet | Found a transporter.
 29884 | Gauntlet | Noticed a cacodemon
 29905 | Gauntlet | Found a transporter.
 29934 | Gauntlet | Found a transporter.
 29938 | Gauntlet | Found a transporter.
 29953 | Gauntlet | Found a transporter.
 30304 | Gauntlet | Identified the ring of Intercession {rPois rF+ Will- Str+6
                  | Dex+7}
 30464 | Gauntlet | Identified the +1 quarterstaff "Liustil" {chaos, Drain Fly
                  | rElec rF-}
 30476 | Gauntlet | Got the Guide on Icy Fever
 32859 | D:13     | Found the +13 scythe of Curses {drain, curses, Drain}
 33676 | D:14     | Found a gate to the Vaults.
 34340 | D:14     | Noticed Louise
 34504 | D:14     | Killed Louise
 35225 | D:14     | Noticed Kirke
 35235 | D:14     | Killed Kirke
 35236 | D:14     | Reached XP level 15. HP: 124/124 MP: 7/31
 35349 | D:14     | Learned a level 6 spell: Iron Shot
 35775 | D:15     | Entered Level 15 of the Dungeon
 35874 | D:15     | Noticed Josephine
 35882 | D:15     | Killed Josephine
 36095 | D:15     | Noticed Roxanne
 36396 | D:15     | Killed Roxanne
 36694 | D:15     | Noticed Rupert
 36698 | D:15     | Killed Rupert
 37065 | D:15     | Found a staircase to the Depths.
 37922 | Spider:1 | Entered Level 1 of the Spider Nest
 38112 | Spider:1 | Noticed Jorgrun
 38120 | Spider:1 | Killed Jorgrun
 38801 | Spider:1 | You fall into a shaft and drop 1 floor!
 40064 | Spider:1 | Reached skill level 10 in Conjurations
 40655 | D:4      | Bought an amulet of regeneration for 360 gold pieces
 43981 | Spider:4 | Entered Level 4 of the Spider Nest
 44728 | Spider:4 | Reached XP level 16. HP: 90/134 MP: 19/34
 45021 | Spider:4 | Reached skill level 10 in Earth Magic
 45552 | Spider:4 | Reached skill level 10 in Fighting
 47134 | Spider:4 | Reached skill level 1 in Ice Magic
 47307 | Spider:4 | Got a gossamer rune of Zot
 47308 | Spider:4 | Identified the +1 hat of Tulips {Dex+3}
 47811 | Swamp:1  | Entered Level 1 of the Swamp
 48067 | Swamp:1  | Identified the +1 robe of Demons {rN+ rCorr SInv Archmagi}
 49465 | Swamp:2  | Paralysed by a hornet for 3 turns
 50206 | Swamp:2  | Learned a level 6 spell: Statue Form
 50423 | Swamp:2  | You fall into a shaft and drop 1 floor!
 50423 | Swamp:3  | Noticed Mlioglotl
 50431 | Swamp:3  | Reached XP level 17. HP: 141/141 MP: 13/35
 50434 | Swamp:3  | Killed Mlioglotl
 50642 | Swamp:3  | Learned a level 5 spell: Freezing Cloud
 51910 | Swamp:4  | Entered Level 4 of the Swamp
 52246 | Swamp:4  | Reached skill level 10 in Spellcasting
 53261 | Swamp:4  | Noticed a tentacled monstrosity
 53327 | Swamp:4  | Reached skill level 11 in Fighting
 53389 | Swamp:4  | Reached skill level 5 in Ice Magic
 53467 | Swamp:4  | Killed a tentacled monstrosity
 53468 | Swamp:4  | Reached skill level 1 in Air Magic
 53550 | Swamp:4  | Noticed a tentacled monstrosity
 53554 | Swamp:4  | Killed a tentacled monstrosity
 53672 | Swamp:4  | Got a decaying rune of Zot
 53745 | Swamp:4  | Paralysed by a fenstrider witch for 2 turns
 54218 | Elf:1    | Entered Level 1 of the Elven Halls
 55045 | Elf:1    | Reached XP level 18. HP: 108/151 MP: 26/37
 55851 | Elf:2    | Found a runed translucent gate.
 55851 | Elf:2    | Found a runed translucent gate.
 55851 | Elf:2    | Found a runed translucent gate.
 55878 | Elf:2    | Reached skill level 10 in Transmutations
 57708 | Elf:3    | Entered Level 3 of the Elven Halls
 58022 | Elf:3    | Found Rairets's Assorted Antiques.
 58854 | Elf:3    | Identified the ring "Jeh Xey" {rPois MP+9 Slay+4 SInv}
 58907 | Abyss:3  | Cast into level 3 of the Abyss (a deep elf sorcerer)
 59060 | Abyss:3  | Reached skill level 10 in Shields
 59075 | Abyss:3  | Got an abyssal rune of Zot
 59089 | Elf:3    | Escaped the Abyss
 59458 | Elf:3    | Got the Spellbook of Rotation
 59643 | Elf:3    | Identified the +9 battleaxe "Wuhel" {drain, Will+ Str+4
                  | Dex-5}
 59709 | Elf:3    | Identified the +7 trident of Esoigedi {venom, Int+2}
 59864 | Elf:3    | Got the Grimoire of Bewitching Earth
 59868 | Elf:3    | Got Suhir's Notes on Azure Evil
 59870 | Elf:3    | Identified the +2 shortbow "Maehu" {flame, rF+ rN+}
 59923 | Elf:3    | Identified the staff of cold "Susojel" {rElec rC+ Int+3
                  | Dex+2}
 59941 | Elf:3    | Identified the staff of conjuration "Qivadowu" {rElec}
 60201 | Orc:2    | Bought a +2 pair of gloves of strength for 236 gold pieces
 60223 | Orc:2    | Identified a scroll of acquirement
 60224 | Orc:2    | Acquired Cimihimu's Almanac of Posthumous Modification
 60387 | Vaults:1 | Entered Level 1 of the Vaults
 60555 | Vaults:1 | Reached XP level 19. HP: 75/157 MP: 0/40
 61789 | Vaults:1 | Identified the +1 leather armour of the Little Devil
                  | {Int+3}
 61948 | Vaults:1 | Found Silurif's Book Shop.
 61982 | Vaults:1 | Bought Great Wizards, Vol. II for 646 gold pieces
 61988 | Vaults:1 | Learned a level 5 spell: Borgnjor's Vile Clutch
 61996 | Vaults:1 | Learned a level 7 spell: Ozocubu's Refrigeration
 62748 | Vaults:2 | Noticed Frederick
 62755 | Vaults:2 | Killed Frederick
 63006 | Vaults:2 | Reached skill level 10 in Ice Magic
 63007 | Vaults:2 | Found a staircase to the Crypt.
 64859 | Vaults:3 | Found a magical portal.
 64888 | WizLab   | Entered Borgnjor's Mausoleum
 65322 | WizLab   | Reached skill level 10 in Armour
 67446 | Vaults:3 | Found Vyngoe Dossi's Antique Armour Shop.
 67453 | Vaults:3 | Bought a shiny helmet for 262 gold pieces
 67513 | Vaults:3 | Reached XP level 20. HP: 157/163 MP: 11/41
 67988 | Elf:3    | Bought a scroll of enchant weapon for 285 gold pieces
 68324 | D:2      | Bought a scroll of enchant weapon for 82 gold pieces
 69845 | Vaults:3 | Reached skill level 12 in Fighting
 72478 | Vaults:4 | Reached skill level 15 in Shields
 72626 | Vaults:5 | Entered Level 5 of the Vaults
 72848 | Vaults:5 | Noticed a golden dragon
 72968 | Vaults:5 | Noticed an ancient lich
 72972 | Vaults:5 | Killed an ancient lich
 73013 | Vaults:5 | Got the Handbook of Grim Percussion
 73052 | Vaults:5 | Noticed a golden dragon
 73055 | Vaults:5 | Killed a golden dragon
 73439 | Vaults:5 | Reached skill level 13 in Fighting
 73551 | Vaults:5 | Identified the ring "Ufoil" {Str+3 SInv}
 73557 | Vaults:5 | Reached skill level 10 in Dodging
 73576 | Vaults:5 | Reached XP level 21. HP: 103/178 MP: 24/42
 74006 | Vaults:5 | Killed a golden dragon
 74144 | Vaults:5 | Identified the ring "Osoih" {rN+ rCorr Dex+6}
 74221 | Vaults:5 | Identified the +7 mace of Lust {heavy, Dex+3}
 74816 | Vaults:5 | Reached skill level 15 in Ice Magic
 75130 | Vaults:5 | Noticed an ancient lich
 75133 | Vaults:5 | Killed an ancient lich
 75638 | Vaults:5 | Identified the +9 plate armour of Darkness {Dex+6}
 75750 | Vaults:5 | Learned a level 9 spell: Polar Vortex
 76095 | Vaults:5 | Identified the +9 spear "Foanubbi" {spect, rC+ rN+ Stlth+}
 76621 | Vaults:5 | Got a silver rune of Zot
 77240 | Slime:1  | Entered Level 1 of the Pits of Slime
 79471 | Slime:5  | Entered Level 5 of the Pits of Slime
 80017 | Slime:5  | Noticed the Royal Jelly
 80030 | Slime:5  | Killed the Royal Jelly
 80323 | Slime:5  | Reached XP level 22. HP: 185/185 MP: 19/44
 80465 | Slime:5  | Identified the staff of earth "Vaobbu" {Will+ Str+3 Int+2}
 80469 | Slime:5  | Got a slimy rune of Zot
 80470 | Slime:5  | Identified the +0 robe "Yrum" {Int+4 Archmagi}
 80504 | Slime:5  | Got the Atlas of the Brume
 80519 | Slime:5  | Identified the +8 spear "Cuatekh" {protect, rF- Str+3}
 80522 | Slime:5  | Identified the +7 spear "Tepy" {freeze, rPois rF++ Dex+5}
 80650 | Slime:5  | Identified the +10 glaive of Sudden Death {antimagic, Will-
                  | rCorr Int+5 Dex+3}
 81405 | Depths:1 | Entered Level 1 of the Depths
 81770 | Depths:1 | Identified the +1 short sword of Feral Guile {heavy, *Rage
                  | Fly Dex-3 Stlth+}
 81818 | Depths:1 | Found a runed translucent door.
 81819 | Depths:1 | Noticed Pikuto's ghost (adept MiBe)
 82007 | Depths:1 | Identified the scarf of Unreason {harm, rF+}
 82279 | Depths:1 | Found a gateway to Hell.
 82779 | Depths:1 | Killed Pikuto's ghost
 82786 | Depths:1 | Found a runed translucent door.
 82943 | Depths:1 | Noticed Sulo Conyim's ghost (veteran GnDe)
 83016 | Depths:1 | Killed Sulo Conyim's ghost
 83097 | Depths:1 | Found a runed translucent door.
 83097 | Depths:1 | Noticed Kerot's ghost (adept NaFi)
 83110 | Depths:1 | Killed Kerot's ghost
 83121 | Depths:1 | Gained mutation: You are vulnerable to cold. (rC-)
                  | [mutagenic glow]
 83237 | Depths:1 | Lost mutation: You are vulnerable to cold. (rC-) [potion of
                  | mutation]
 83237 | Depths:1 | Gained mutation: Your body sometimes deteriorates upon
                  | taking damage. [potion of mutation]
 83238 | Depths:1 | Lost mutation: Your body sometimes deteriorates upon taking
                  | damage. [potion of mutation]
 83238 | Depths:1 | Gained mutation: Your natural rate of healing is unusually
                  | fast. [potion of mutation]
 83238 | Depths:1 | Gained mutation: You passively map a small area around you.
                  | [potion of mutation]
 83667 | Depths:2 | Found a one-way gateway to a ziggurat.
 84384 | Depths:2 | Identified the +1 ring mail of Servitude {Str+5 Dex-5}
 84637 | Depths:2 | Identified the +1 ring mail of Vehumet, Blushing {Int+4}
 84648 | Depths:2 | Found a one-way gate leading to the halls of Pandemonium.
 85364 | Depths:2 | Learned a level 6 spell: Statue Form
 85563 | Depths:3 | Reached XP level 23. HP: 169/192 MP: 7/45
 86686 | Depths:3 | Noticed a juggernaut
 86697 | Depths:3 | Killed a juggernaut
 87086 | Depths:3 | Got the Spellbook of Flashy Intoxication
 87376 | Depths:3 | Found a transporter.
 87376 | Depths:3 | Found Tailuim's Assorted Antiques.
 87378 | Depths:3 | Found a transporter.
 87383 | Depths:3 | Bought a scroll of blinking for 330 gold pieces
 87383 | Depths:3 | Bought 2 potions of brilliance for 352 gold pieces
 87500 | Depths:4 | Entered Level 4 of the Depths
 87914 | Depths:4 | Reached skill level 14 in Fighting
 89063 | Depths:4 | Found a gate to the Realm of Zot.
 89379 | Crypt:1  | Entered Level 1 of the Crypt
 91052 | Crypt:2  | Found a runed translucent door.
 91054 | Crypt:2  | Noticed a dread lich
 91107 | Crypt:2  | Killed a dread lich
 91565 | Crypt:2  | Reached skill level 10 in Necromancy
 91789 | Crypt:2  | Reached XP level 24. HP: 132/205 MP: 17/45
 92002 | Crypt:3  | Entered Level 3 of the Crypt
 92463 | Crypt:3  | Noticed Zenata
 92467 | Crypt:3  | Killed Zenata
 93055 | Crypt:3  | Reached skill level 15 in Fighting
 93239 | Crypt:3  | Found a staircase to the Tomb.
 93274 | Crypt:3  | Noticed Mennas
 93279 | Crypt:3  | Killed Mennas
 93868 | Crypt:3  | Noticed a dread lich
 93878 | Crypt:3  | Killed a dread lich
 93954 | Crypt:3  | Identified the staff of fire "Koistieja" {rF+ Will+ rCorr}
 94092 | Crypt:3  | Got Khufu's Encyclopedia of Profane Rites
 94100 | Crypt:3  | Identified the +0 robe of Amorality {+Inv Int+5 Dex-2}
 94105 | Crypt:3  | Identified the +0 pair of boots "Acutz" {rN+ Regen+ Int+2}
 94633 | Crypt:3  | Identified the staff of air "Luululeu" {rElec Int+5 Dex-3}
 94966 | Zot:1    | Entered Level 1 of the Realm of Zot
 98676 | Zot:3    | Reached skill level 16 in Fighting
 98891 | Zot:3    | Identified the +4 whip "Nuaffab" {drain, rElec rPois rF-
                  | Stlth+}
 99211 | Zot:3    | Reached XP level 25. HP: 216/216 MP: 9/45
 99428 | Zot:3    | Noticed an orb of fire
 99434 | Zot:3    | Killed an orb of fire
 99595 | Zot:3    | Got the Book of The Black Sun
100451 | Zot:4    | Noticed an orb of fire
100628 | Zot:4    | Killed an orb of fire
100829 | Zot:4    | Reached skill level 15 in Necromancy
102030 | Depths:4 | Learned a level 8 spell: Necromutation
102037 | Hell     | Entered the Vestibule of Hell
102038 | Hell     | Noticed Geryon
102042 | Hell     | Killed Geryon
102055 | Hell     | Noticed Murray
102062 | Hell     | Killed Murray
102201 | Hell     | Found a gateway to the decaying netherworld of Tartarus.
102483 | Hell     | Found a gateway to the freezing wastes of Cocytus.
102841 | Hell     | Found a gateway to the Iron City of Dis.
102978 | Hell     | Found a gateway to the ashen valley of Gehenna.
103350 | Pan      | Entered Pandemonium
104094 | Pan      | Noticed Catwoda the pandemonium lord
104099 | Pan      | Reached skill level 15 in Transmutations
104102 | Pan      | Killed Catwoda the pandemonium lord
104470 | Pan      | Noticed Efuobude the pandemonium lord
104481 | Pan      | Killed Efuobude the pandemonium lord
104672 | Pan      | Noticed Nito the pandemonium lord
104677 | Pan      | Killed Nito the pandemonium lord
104965 | Pan      | Entered the realm of Gloorx Vloq.
105042 | Pan      | Noticed Gloorx Vloq
105044 | Pan      | Reached XP level 26. HP: 226/226 MP: 30/45
105053 | Pan      | HP: 7/226 [Gloorx Vloq/dispel undead (51)]
105061 | Pan      | Killed Gloorx Vloq
105153 | Pan      | Got a dark rune of Zot
105580 | Pan      | Noticed Ignacio
105585 | Pan      | Killed Ignacio
105717 | Pan      | Noticed Paiclom the pandemonium lord
105725 | Pan      | Killed Paiclom the pandemonium lord
105839 | Pan      | Reached skill level 17 in Fighting
105976 | Pan      | Noticed Cudarr the pandemonium lord
105980 | Pan      | Killed Cudarr the pandemonium lord
105989 | Pan      | HP: 2/228 [Hell Sentinel/damnation (39)]
106273 | Pan      | Noticed Keasoad the pandemonium lord
106278 | Pan      | Gained mutation: Your body sometimes deteriorates upon
                  | taking damage. [a cacodemon]
106281 | Pan      | Killed Keasoad the pandemonium lord
106522 | Pan      | Identified the +1 trident of Premature Burial {heavy, rCorr
                  | Str+7}
106638 | Pan      | Entered the realm of Cerebov.
106784 | Pan      | Got Sous's Meditations on Cursed Conjury
106814 | Pan      | Identified the +5 sling of Recklessness {antimagic, rF+
                  | rCorr}
106897 | Pan      | Identified the staff of air "Xeamnemm" {*Corrode rElec rF+
                  | Str+7}
106905 | Pan      | Identified the +4 ring mail "Donkolul" {rC+ Dex+2 Stlth+}
107019 | Pan      | Found the +6 sword of Cerebov {flame}
107019 | Pan      | Noticed Cerebov
107297 | Pan      | Killed Cerebov
107382 | Pan      | Learned a level 9 spell: Death's Door
107464 | Pan      | Identified the ring of Wonder {rF+ AC+4}
107466 | Pan      | Identified the +9 demon blade of Sunlight {flame, Contam
                  | Str+6}
107608 | Pan      | Got a fiery rune of Zot
107747 | Pan      | Identified the amulet of Kikubaaqudgha, Cursing {RegenMP
                  | Drain rF+++ Int+7}
107778 | Pan      | Identified the staff of fire "Jeotweut" {*Slow rF+ Dex+5
                  | Stlth+}
107846 | Pan      | Reached skill level 18 in Fighting
107846 | Pan      | Reached skill level 10 in Long Blades
108004 | Pan      | Entered the realm of Mnoleg.
108146 | Pan      | Noticed Mnoleg
108186 | Pan      | Killed Mnoleg
108207 | Pan      | Got a glowing rune of Zot
108427 | Pan      | Noticed Tomafi the pandemonium lord
108442 | Pan      | Killed Tomafi the pandemonium lord
108483 | Pan      | Reached XP level 27. HP: 213/238 MP: 23/47
108769 | Pan      | Got a demonic rune of Zot
108870 | Pan      | Entered the realm of Lom Lobon.
109082 | Pan      | Noticed Lom Lobon
109093 | Pan      | Killed Lom Lobon
109159 | Pan      | Got a magical rune of Zot
109318 | Pan      | Noticed Garubobilu the pandemonium lord
109325 | Pan      | Killed Garubobilu the pandemonium lord
109368 | Pan      | Identified the +1 ring mail of Dramatic Exits {Drain rElec
                  | Dex+7}
109583 | Pan      | Noticed Dosuh the pandemonium lord
109587 | Pan      | Killed Dosuh the pandemonium lord
109634 | Depths:2 | Escaped Pandemonium
109683 | Geh:1    | Entered Level 1 of Gehenna
110051 | Geh:2    | You are sucked into a shaft and drop 1 floor!
111234 | Geh:6    | Reached skill level 15 in Spellcasting
111251 | Geh:7    | Entered Level 7 of Gehenna
111591 | Geh:7    | Noticed the Serpent of Hell
111597 | Geh:7    | Killed the Serpent of Hell
111598 | Geh:7    | Reached skill level 19 in Fighting
111807 | Geh:7    | Identified the +7 long sword of the Fulmar {antimagic,
                  | Fragile rPois Dex+3 Stlth+}
112140 | Geh:7    | Found the +13 sceptre of Asmodeus
112140 | Geh:7    | Noticed Asmodeus
112181 | Geh:7    | Got the Octavo of Sparks and the Mob
112188 | Geh:7    | Killed Asmodeus
112218 | Geh:7    | Got an obsidian rune of Zot
112219 | Geh:7    | Identified the +0 chain mail "Yfol" {Str+2}
112236 | Geh:7    | Learned a level 3 spell: Ozocubu's Armour
112393 | Tar:1    | Entered Level 1 of Tartarus
113398 | Tar:4    | You fall into a shaft and drop 2 floors!
113543 | Tar:6    | Reached skill level 15 in Earth Magic
113734 | Tar:7    | Entered Level 7 of Tartarus
114326 | Tar:7    | Reached skill level 20 in Fighting
114481 | Tar:7    | Identified the +7 long sword of Unreason {spect, rElec}
114489 | Tar:7    | Identified the +2 pair of boots of Inference {*Slow MP+9
                  | Str-3 Stlth+}
114491 | Tar:7    | Identified the +5 great mace of Burning Blind Justice
                  | {venom, rElec}
114549 | Tar:7    | Learned a level 8 spell: Lehudib's Crystal Spear
114610 | Tar:7    | Identified the ring of the Frog {EV+5 Str+4 Dex+4}
114620 | Tar:7    | Identified the +3 demon whip "Ynim" {flame, Drain rPois
                  | Dex+3}
114759 | Tar:7    | Reached skill level 15 in Conjurations
114830 | Tar:7    | Identified the +6 scale mail "Xedielev" {Harm Dex+2}
114833 | Tar:7    | Identified the staff of death "Oris" {Fragile rElec rPois
                  | rC+++ rN+}
114839 | Tar:7    | Got the Opusculum on Destructive Abominable Liturgies
114847 | Tar:7    | Identified the staff of conjuration "Qumoh" {rC+ Int+4}
115826 | Tar:7    | Noticed Ereshkigal
115844 | Tar:7    | Killed Ereshkigal
115858 | Tar:7    | Got a bone rune of Zot
116125 | Coc:1    | Entered Level 1 of Cocytus
116462 | Coc:2    | Paralysed by a wendigo for 1 turns
117393 | Coc:5    | You are sucked into a shaft and drop 1 floor!
117405 | Coc:6    | Paralysed by a wendigo for 1 turns
117674 | Coc:7    | Entered Level 7 of Cocytus
117676 | Coc:7    | Noticed a dread lich
117680 | Coc:7    | Killed a dread lich
118276 | Coc:7    | Paralysed by a wendigo for 1 turns
118279 | Coc:7    | Reached skill level 15 in Dodging
118287 | Coc:7    | Reached skill level 21 in Fighting
118691 | Coc:7    | Reached skill level 15 in Armour
118720 | Coc:7    | Paralysed by a wendigo for 1 turns
118890 | Coc:7    | Noticed Antaeus
119043 | Coc:7    | Identified the ring of Pybim {rPois rCorr}
119064 | Coc:7    | Killed Antaeus
119133 | Coc:7    | Identified the +1 broad axe "Huterph" {vamp, Int+2}
119142 | Coc:7    | Identified the +1 scale mail "Jautogo" {rElec rPois rCorr}
119236 | Coc:7    | Got an icy rune of Zot
119366 | Dis:1    | Entered Level 1 of the Iron City of Dis
119400 | Dis:1    | Gained mutation: You are clumsy. (Dex -2) [a cacodemon]
121067 | Dis:6    | Reached skill level 22 in Fighting
121332 | Dis:7    | Entered Level 7 of the Iron City of Dis
123215 | Dis:7    | Identified the +0 robe of Inquiry {Harm *Slow rF+ MP+9}
123394 | Dis:7    | Identified the +2 scimitar of Prescription {freeze, rElec
                  | rCorr}
123712 | Dis:7    | Identified the +5 mace of Delightful Fortitude {antimagic,
                  | rElec Str+3 Int+3}
123909 | Dis:7    | Noticed Dispater
123916 | Dis:7    | Killed Dispater
123974 | Dis:7    | Got an iron rune of Zot
124554 | Tomb:1   | Entered Level 1 of the Tomb of the Ancients
125114 | Tomb:2   | Noticed Khufu
125127 | Tomb:2   | Killed Khufu
125311 | Tomb:2   | Reached skill level 15 in Long Blades
126401 | Tomb:2   | Reached skill level 23 in Fighting
126426 | Tomb:2   | HP: 9/259 [death scarab (11)]
126432 | Tomb:2   | HP: 12/259 [torment (6)]
126543 | Tomb:3   | Entered Level 3 of the Tomb of the Ancients
126560 | Tomb:3   | Reached skill level 24 in Fighting
126716 | Tomb:3   | Got a golden rune of Zot
126796 | Tomb:3   | Found the ring of the Mage {Wiz Archmagi}
126855 | Tomb:3   | Identified the ring "Behivoro" {Contam rN+ Will+ rCorr
                  | Stlth+}
126858 | Tomb:3   | Identified the +7 spear "Demonslayer" {pain, Dex+3}
127108 | Tomb:3   | Got the Teachings on the Blinking Jinx
127111 | Tomb:3   | Identified the +0 glaive of the Glowing Gods {holy, rPois
                  | rC+}
127925 | Zot:5    | Entered Level 5 of the Realm of Zot
128069 | Zot:5    | Reached skill level 25 in Fighting
128432 | Zot:5    | Noticed a dread lich
128438 | Zot:5    | Killed a dread lich
128500 | Zot:5    | Noticed an orb of fire
128501 | Zot:5    | Noticed an ancient lich
128502 | Zot:5    | Killed an orb of fire
128511 | Zot:5    | Killed an ancient lich
128595 | Zot:5    | Reached skill level 26 in Fighting
128687 | Zot:5    | Got the Orb of Zot
128740 | Zot:5    | Noticed Yfemiyjo the pandemonium lord
128746 | Zot:5    | Killed Yfemiyjo the pandemonium lord
129092 | D:13     | Noticed Locecux the pandemonium lord
129097 | D:13     | Killed Locecux the pandemonium lord
129383 | D:$      | Escaped with the Orb!

Illustrated notes

Levels and vault maps discovered:
D:1:      pf_arrival_petrified_forest, layout_loops_ring,
          minmay_misc_feat_columns, minivault_27
D:2:      layout_loops_cross, serial_shops, nicolae_shop_peninsula
D:3:      layout_basic, grunt_dithmenos_smoke_and_mirrors,
          shapermc_ecumenical_altar_ellora, grunt_ministairs_9,
          serial_bayou_ford_a, uniq_pargi
D:4:      layout_basic, mainiacjoe_overflow_paths, mainiacjoe_overflow_chevrons,
          mainiacjoe_overflow_24_doors, mainiacjoe_overflow_catwalk,
          nicolae_overflow_crystal_walls, nicolae_shop_sticking_my_neck_out
D:5:      layout_basic, kennysheep_mini, minmay_temple_entry_junction,
          serial_shops, nicolae_diamond_shop, nicolae_shop_window_shopping,
          nicolae_shop_trees, nicolae_shop_pleasant_corner_grove,
          hangedman_decor_slide_cut, dk_noncrumbling_2,
          kennysheep_generic_room_6, uniq_grinder, uniq_prince_ribbit1
D:6:      layout_cave_pools
D:7:      layout_basic, lemuel_flamethrower_1
D:8:      layout_loops_ring, marbit_many_paths, uniq_joseph, uniq_erica,
          uniq_maggie
D:9:      layout_loops_corners, special_room [special_room_orc],
          bh_circular_ruins
D:10:     layout_roguey, trog_three_pillars_becter, nicolae_vehumet_altar_sigil,
          hex_tiny, patterned_corridor
D:11:     layout_basic, erik_lair_island, orc_0_dummy,
          nicolae_wu_jian_immortal_techniques
D:12:     layout_cave_pools, gauntlet_entry_generic
D:13:     layout_irregular_city, minmay_protected_statue
D:14:     layout_long_grid, erik_vaults_2, chequers_serial_rivers_small_b,
          chequers_serial_rivers_micro_d, minmay_beelzebubs_servants,
          uniq_kirke, uniq_louise
D:15:     grunt_enter_depths_giant_problem, layout_loops_cross,
          nicolae_uskayaw_dance_hall, uniq_roxanne, uniq_rupert, uniq_josephine
Lair:1:   layout_gridlike, dreamdust_mushroom_princess,
          chequers_serial_rivers_micro_c
Lair:2:   layout_cave_pods, nicolae_swamp_entry_splash_gauntlet, uniq_sonja,
          uniq_fannar, uniq_amaemon
Lair:3:   gammafunk_worm_tunnel, layout_regular_city,
          nicolae_spider_entry_tight_spaces, grunt_megastairs_1,
          lemuel_fruit_fields
Lair:4:   layout_loops_ring, nicolae_slime_entry_slimehenge
Lair:5:   hellmonk_lair_end_abyssal_woods, layout_cave_shapes, st_stairs_11,
          grunt_forest_small_clearing_treed, infiniplex_staircase_pool
Swamp:1:  layout_falls_marsh, hangedman_swamp_ruin_wall
Swamp:2:  nicolae_swamp_wrong_neighborhood, layout_basic_swamp,
          evilmike_swamp_ruin_house_4
Swamp:3:  layout_falls_marsh, serial_swamp_ruin, evilmike_swamp_ruin_wall,
          evilmike_swamp_ruin_house_2, uniq_mlioglotl
Swamp:4:  nzn_swamp_witches_coven, layout_basic_swamp
Spider:1: layout_spider_delve, guppyfry_spider_mini_3, uniq_jorgrun
Spider:2: layout_chambers
Spider:3: layout_chambers
Spider:4: hellmonk_spider_rune_endless_swarm, nicolae_spider_bzzzt
Slime:1:  layout_caves
Slime:2:  layout_caves
Slime:3:  layout_caves
Slime:4:  layout_caves
Slime:5
Orc:1:    nicolae_orc_accident_1, layout_caves, basic_altar
Orc:2:    st_orc_mages, layout_caves, ebering_ghost_disaster_area, serial_shops,
          nicolae_shop_hallway_plus, uniq_saint_roka, uniq_donald
Elf:1:    eino_elf_arrival_the_gate, layout_gridlike, minmay_elf_crystal_hexagon
Elf:2:    elven_hall_of_blades_hangedman_original
          [nicolae_blade_entry_sentries_behind_glass], layout_loops_ring
Elf:3:    minmay_elf_hall, layout_geoelf_octagon, serial_shops,
          nicolae_shop_waterfront
Vaults:1: nicolae_vaults_storage_room_doors, hangedman_vaults_cutoff,
          nicolae_vaults_octothorpe, nicolae_vaults_diamond_1,
          nicolae_vaults_little_squares_1, nicolae_vaults_sealed_display,
          vaults_mumra_hexcomb, layout_vaults_big_room, serial_shops, shop
Vaults:2: blue_anna_dwarven_crypt, nicolae_vaults_meiosis,
          ontoclasm_vaults_fault, ontoclasm_vaults_bender,
          nicolae_vaults_double_plus_2, vaults_mumra_minichess_inversion,
          nicolae_vaults_network_square, layout_vaults_omnigrid, uniq_frederick
Vaults:3: mu_enter_wizlab_3, hangedman_vaults_river_flow,
          nicolae_vaults_closet_pinwheel_6, v_misc_11, dpeg_vaults_monster_row,
          nicolae_vaults_little_squares_3, vaults_room_door_hall,
          nicolae_vaults_shrinking_rooms_1, vaults_room_semicircle,
          nicolae_vaults_tetromino_T_1, nicolae_vaults_diamond_2,
          layout_vaults_ring, serial_shops, shop
Vaults:4: vaults_standard_mumra_x, nicolae_vaults_corridor_and_loot_room,
          nicolae_vaults_tetromino_L_1, vaults_room_fours,
          nicolae_vaults_mini_display_case, nicolae_vaults_apartment_2,
          nicolae_vaults_closet_pinwheel_2, v_misc_18,
          nicolae_vaults_variable_pillar_hall,
          nicolae_vaults_storage_room_water, v_misc_5, grunt_vaults_diagonal,
          layout_vaults_omnicross
Vaults:5: serial_shops
Crypt:1:  layout_basic, basic_altar, st_stairs_14, grunt_crypt_arrival_webbed
Crypt:2:  cheibrodos_crypt_cold_storage, layout_gridlike
Crypt:3:  david_glass_crypt, layout_gridlike, minmay_strange_pillars,
          grunt_megastairs_2, uniq_margery, uniq_mennas, uniq_zenata
Tomb:1
Tomb:2:   uniq_khufu
Tomb:3
Depths:1: minmay_distorted_concentric_squares, layout_cave_pools,
          kennysheep_doodads, muffindrake_ghost_three_little_ghosts,
          hellmouth_1, nicolae_sif_muna_little_library
Depths:2: grunt_profane_halls [grunt_profane_temple_dis,
          grunt_profane_temple_tar, grunt_profane_temple_geh,
          grunt_profane_temple_coc, grunt_profane_loot], pan_entry, hell_entry,
          abyss_entry
Depths:3: minmay_complete_graph, layout_gridlike, hex_medium, hell_entry,
          abyss_entry, serial_shops, nicolae_shop_drivethru,
          hangedman_abyss_or_decor_passed, minmay_staircase_statues
Depths:4: grunt_zot_entry_gee_three, layout_basic, hell_entry,
          lemuel_crystal_altar
Hell
Dis:1:    nicolae_hells_demon_pit, layout_gridville
Dis:2:    layout_subdivisions
Dis:3:    layout_jigsaw
Dis:4:    layout_overlapping_boxes
Dis:5:    layout_subdivisions, nicolae_dis_grated_feature
Dis:6:    layout_subdivisions, nicolae_dis_big_boring_drill
Dis:7:    iron_city_of_dis [dis_grunt, dis_wall_2], layout_gridville
Geh:1:    layout_gehenna_lava_caves
Geh:2:    layout_gehenna_lava_caves
Geh:3:    layout_gehenna_lava_caves
Geh:4:    layout_gehenna_pools_triple
Geh:5:    layout_gehenna_pools_triple, nicolae_hells_seeping_fissure
Geh:6:    layout_gehenna_lava_caves
Geh:7:    geh_grunt_pentagon
Coc:1:    layout_cocytus_water_paths
Coc:2:    layout_ice_bergs
Coc:3:    layout_cocytus_water_paths
Coc:4:    layout_ice_bergs
Coc:5:    layout_cocytus_water_paths
Coc:6:    nicolae_hells_giants_party, layout_cocytus_delve
Coc:7:    coc_grunt_cove [coc_grunt_cove_antaeus, coc_grunt_cove_fiend,
          coc_grunt_cove_fiend, coc_grunt_cove_fiend, coc_grunt_cove_fiend]
Tar:1:    layout_honeycomb
Tar:2:    layout_honeycomb
Tar:3:    hangedman_tartarus_temple_path, layout_cathedral_of_symmetry
Tar:4:    layout_honeycomb, nicolae_tar_grid_combs
Tar:6:    layout_catacombs
Tar:7:    tar_mu [tar_mu_maze]
Zot:1:    infiniplex_zot_generator, layout_basic, lemuel_baited_zot_trap
Zot:2:    layout_concentric_octagons, skrybe_zot_glass_2
Zot:3:    dreamdust_black_sun_cult, layout_misc_corridors, st_stairs_8
Zot:4:    nicolae_zot_stationary_front, layout_basic, nrook_zot_tub
Zot:5:    layout_basic

Skill      XL: |  1  2  3  4  5  6  7  8  9 10 11 12 13 14 15 16 17 18 19 20 21 22 23 24 25 26 27 |
---------------+----------------------------------------------------------------------------------+-----
Transmutations | 1 5 8 9 10 11 13 16 | 16.0
Stealth        | 2 3 4 5 |  5.0
Dodging        | 2 3 4 5 7 8 10 12 18 | 18.0
Spellcasting   | 2 3 4 5 6 8 9 10 11 12 14 17 | 17.5
Earth Magic    | 3 4 5 6 7 8 9 11 12 13 17 | 17.0
Conjurations   | 1 2 3 5 6 7 8 10 11 12 16 | 16.0
Fighting       | 1 2 3 4 5 6 7 9 10 11 13 14 16 18 26 | 26.8
Armour         | 2 3 4 5 6 7 8 10 18 | 18.0
Translocations | 2 4 5 6 7 8 |  8.0
Long Blades    | 2 3 4 5 6 7 8 10 16 | 16.0
Shields        | 2 4 5 7 8 9 10 13 15 18 | 18.0
Fire Magic     | 1 3 |  3.2
Necromancy     | 4 6 7 8 10 13 18 20 23 | 23.0
Ice Magic      | 2 6 9 11 14 18 22 23 24 | 24.0
Air Magic      | 2 4 |  4.0

Action                     |  1- 3 |  4- 6 |  7- 9 | 10-12 | 13-15 | 16-18 | 19-21 | 22-24 | 25-27 || total
---------------------------+-------+-------+-------+-------+-------+-------+-------+-------+-------++-------
  Melee: Dagger            |     1 |       |       |       |       |       |       |       |       ||     1
         Staff             |       |     5 |       |    11 |       |     3 |     2 |     2 |    12 ||    35
         Falchion          |       |       |    24 |       |       |       |       |       |       ||    24
         Punch             |       |       |     2 |       |       |       |       |       |       ||     2
         Scimitar          |       |       |       |    86 |   286 |   113 |     2 |       |       ||   487
         Double sword      |       |       |       |       |       |       |   109 |    53 |   213 ||   375
  Throw: Throwing net      |       |     1 |       |       |       |     1 |       |       |       ||     2
         Dart              |       |       |       |       |       |     2 |       |       |       ||     2
   Cast: Sandblast         |    72 |    39 |     3 |     9 |       |       |       |       |       ||   123
         Stone Arrow       |     1 |    47 |   134 |   381 |   520 |     6 |       |       |       ||  1089
         Iskenderun's Myst |       |       |       |    40 |    54 |     7 |       |       |       ||   101
         Manifold Assault  |       |       |       |    11 |    47 |    26 |     2 |       |       ||    86
         Passage of Golubr |       |       |       |     2 |     6 |    11 |     1 |     1 |     2 ||    23
         Irradiate         |       |       |       |       |    81 |    59 |    28 |    26 |    78 ||   272
         Iron Shot         |       |       |       |       |   135 |   494 |   579 |   391 |   354 ||  1953
         Sublimation of Bl |       |       |       |       |    33 |   148 |   188 |   218 |   457 ||  1044
         Blink             |       |       |       |       |     1 |     4 |    12 |     6 |    16 ||    39
         Freezing Cloud    |       |       |       |       |       |    39 |    28 |       |       ||    67
         Statue Form       |       |       |       |       |       |     3 |       |     1 |     1 ||     5
         Borgnjor's Vile C |       |       |       |       |       |       |    90 |   128 |   254 ||   472
         Ozocubu's Refrige |       |       |       |       |       |       |    90 |   188 |   432 ||   710
         Polar Vortex      |       |       |       |       |       |       |       |    58 |   183 ||   241
         Necromutation     |       |       |       |       |       |       |       |       |   338 ||   338
         Lehudib's Crystal |       |       |       |       |       |       |       |       |   484 ||   484
         Ozocubu's Armour  |       |       |       |       |       |       |       |       |    26 ||    26
         Death's Door      |       |       |       |       |       |       |       |       |     9 ||     9
Ability: End Transformatio |       |       |       |       |       |     3 |       |     1 |   182 ||   186
  Evoke: Wand              |       |       |       |       |     1 |     1 |       |     3 |    12 ||    17
    Use: Scroll            |     5 |     5 |     8 |     7 |    19 |     8 |    21 |     4 |    30 ||   107
         Potion            |       |     1 |     1 |     2 |     7 |    13 |     8 |     2 |    41 ||    75
   Stab: Sleeping          |       |       |       |       |     1 |       |       |       |       ||     1
         Held in net/web   |       |       |       |       |       |     1 |       |       |       ||     1
         Distracted        |       |       |       |       |       |       |     2 |       |     8 ||    10
 Armour: Robe              |       |     3 |     9 |    55 |   218 |   105 |   117 |    66 |   372 ||   945
         Leather armour    |       |       |     2 |       |       |       |       |       |       ||     2
         Skin              |       |       |       |       |       |    30 |       |    20 |     4 ||    54
         Ring mail         |       |       |       |       |       |     2 |    23 |       |       ||    25
  Dodge: Dodged            |     9 |    14 |    19 |    82 |   488 |   317 |   308 |   127 |   866 ||  2230
         Repelled          |       |       |       |       |       |       |       |     5 |       ||     5
  Block: Other             |     4 |     7 |    12 |       |       |       |       |       |       ||    23
         Reflection        |       |       |     2 |     7 |    23 |       |    26 |     1 |     1 ||    60
         Buckler           |       |       |       |    92 |   345 |   139 |       |       |       ||   576
         Kite shield       |       |       |       |       |       |    10 |   306 |   183 |   873 ||  1372
